AoeStats
← LeDerp

Hideout

507707684Analyzed
1v1 RM · 13d ago on Sep 19, 2026· 40m 26s· 2 players
Game mode
Random Map
Map size
Tiny (2 player)
Population
200
Speed
Normal
Resources
Standard
Victory
Conquest
Starting age
Dark Age
Ending age
Imperial Age
RankedLock teamsTeams togetherTeam positionsShared explorationLock speedFull tech treeHidden civsTurbo modeCheats
Victory
Defeat
🇨🇳 Poles · China
1070
+16
🇵🇹 Koreans · Portugal
1060
-16
nexus-
9:46 Feudal Age
14:09 Castle Age
12:40 Double-Bit Axe
13:23 Horse Collar
13:58 Gold Mining
15:33 Bow Saw
21:08 Loom
22:29 Wheelbarrow
22:52 Stone Mining
24:19 Town Watch
25:12 Hand Cart
25:45 Fletching
26:26 Heavy Plow
26:41 Squires
26:30 Gambesons
26:06 Pikeman
27:01 Treadmill Crane
27:37 Masonry
29:12 Crossbowman
29:57 Thumb Ring
30:00 Scale Mail Armor
30:10 Forging
34:34 Imperial Age
33:06 Bodkin Arrow
33:27 Chain Mail Armor
35:36 Iron Casting
38:13 Gold Shaft Mining
38:15 Stone Shaft Mining
39:00 Two-Man Saw
38:21 Bracer
37:55 Arbalester
39:29 Ballistics
41:24 Chemistry
40:15 Halberdier
LeDerp
10:48 Feudal Age
11:11 Horse Collar
11:18 Double-Bit Axe
15:45 Loom
18:05 Castle Age
15:52 Loom
17:07 Forging
16:59 Stone Mining
18:59 Bow Saw
18:51 Heavy Plow
22:30 Gold Mining
24:31 Szlachta Privileges
25:22 Bloodlines
25:12 Husbandry
26:15 Scale Barding Armor
27:23 Chain Barding Armor
28:29 Forging
29:05 Wheelbarrow
28:39 Town Watch
34:32 Imperial Age
32:56 Hand Cart
34:35 Scale Mail Armor
35:11 Iron Casting
34:38 Cavalier
35:43 Sappers
36:34 Conscription
36:48 Crop Rotation
36:12 Light Cavalry
38:07 Town Patrol
Connection lost

Rejoining the realm…

Still unreachable

The connection could not be restored.

Session expired

The server has moved on; the page needs a fresh start.